[Event "January 9 Early 2024"]
[Site "https://www.chess.com"]
[Date "2024.01.11"]
[Round "3"]
[White "Guzman Lozano, Campo Elias"]
[Black "Osinovsky, Stepan"]
[Result "0-1"]
[Board "238"]
[TimeControl "180+1"]
[WhiteFideId "4403746"]
[BlackFideId "4157354"]
[WhiteElo "2157"]
[BlackElo "2397"]
[WhiteTeam "COL"]
[BlackTeam "RUS"]
[WhiteClock "0:00:04"]
[BlackClock "0:00:05"]

1. e4 e6 2. Qe2 Ne7 3. d4 c5 4. Nf3 cxd4 5. Nxd4 Nbc6 6. c3 Ng6 7. Nxc6 bxc6 8. Nd2 Qc7 9. Nf3 Rb8 10. b3 Be7 11. g3 Bf6 12. Bd2 O-O 13. Rc1 d5 14. h4 Bb7 15. h5 Ne5 16. Bf4 Nxf3+ 17. Qxf3 e5 18. Bd2 dxe4 19. Qf5 Rfd8 20. Be3 Qd7 21. Qxd7 Rxd7 22. Bc4 Bd8 23. Ke2 Bb6 24. Bxb6 axb6 25. a4 Rbd8 26. Rc2 Kf8 27. Rh4 f5 28. b4 c5 29. a5 cxb4 30. cxb4 Rc7 31. Bb3 Ba6+ 32. Ke1 Rcd7 33. Rc1 Rd2 34. g4 Re2+ 35. Kf1 Rc2+ 36. Kg2 Rxc1 37. gxf5 bxa5 38. bxa5 Rb1 39. Be6 Rd2 40. h6 Be2 41. hxg7+ Kxg7 42. Rxe4 Bf1+ 43. Kg3 Rd3+ 44. Kh2 Rh3+ 0-1

[Event "January 9 Early 2024"]
[Site "https://www.chess.com"]
[Date "2024.01.11"]
[Round "3"]
[White "De Sousa, Daniel Aguiar"]
[Black "Garkauskas, Otto Dmitry"]
[Result "1-0"]
[Board "239"]
[TimeControl "180+1"]
[WhiteFideId "44736797"]
[BlackFideId "2129523"]
[WhiteElo "2048"]
[BlackElo "2331"]
[WhiteTeam "BRA"]
[BlackTeam "BRA"]
[WhiteClock "0:00:07"]
[BlackClock "0:00:13"]

1. d4 d5 2. Nf3 c6 3. e3 Nf6 4. Bd3 Bg4 5. Nbd2 e6 6. b3 Bd6 7. Bb2 O-O 8. O-O Nbd7 9. Re1 e5 10. dxe5 Nxe5 11. Be2 Nxf3+ 12. Nxf3 Re8 13. h3 Bh5 14. Nd4 Bg6 15. Bd3 Ne4 16. c4 Qh4 17. Re2 Bh5 18. Bxe4 Bxe2 19. Bxh7+ Qxh7 20. Qxe2 c5 21. Nb5 Be5 22. Bxe5 Rxe5 23. cxd5 a6 24. Nc7 Rc8 25. d6 Qf5 26. Rd1 Qd7 27. Qg4 Qxg4 28. hxg4 Rd8 29. Kf1 Kf8 30. Ke2 b5 31. f4 Re4 32. Kf3 Re6 33. Nxe6+ fxe6 34. Ke4 Ke8 35. Ke5 Kd7 36. e4 c4 37. bxc4 bxc4 38. Rc1 Rc8 39. f5 exf5 40. gxf5 Rc6 41. Kf4 Kxd6 42. e5+ Kc5 43. e6 Rc8 44. Ke5 Kb4 45. e7 Ka3 46. Kd6 Kb2 47. Rxc4 Rxc4 48. e8=Q Rc3 49. Qe5 Kc2 50. Qxg7 1-0

[Event "January 9 Early 2024"]
[Site "https://www.chess.com"]
[Date "2024.01.11"]
[Round "3"]
[White "Tilahun , Abel Mathewos"]
[Black "Hercegovac, Neven"]
[Result "0-1"]
[Board "240"]
[TimeControl "180+1"]
[WhiteFideId "15702391"]
[BlackFideId "2839135"]
[WhiteElo "2024"]
[BlackElo "2347"]
[WhiteTeam "ETH"]
[BlackTeam "ITA"]
[WhiteClock "0:00:03"]
[BlackClock "0:00:09"]

1. d4 d5 2. c4 c6 3. Nf3 Nf6 4. Nc3 e6 5. e3 Nbd7 6. Bd3 dxc4 7. Bxc4 b5 8. Bd3 Bb7 9. e4 b4 10. e5 bxc3 11. exf6 Nxf6 12. bxc3 Be7 13. O-O O-O 14. Rb1 Rb8 15. Ne5 c5 16. Bf4 Nd5 17. Bd2 cxd4 18. cxd4 g6 19. Bh6 Re8 20. Qf3 Bf6 21. Be4 Qe7 22. Rxb7 Rxb7 23. Nc6 Qd6 24. Ne5 Bxe5 25. dxe5 Qxe5 26. g3 Rb2 27. Kg2 f5 28. Bd3 Nb4 29. Bc4 Qe4 30. Qxe4 fxe4 31. Re1 Nd3 32. Bxd3 exd3 33. Rd1 Rd8 34. Bg5 Rd7 35. Be3 Rxa2 36. Rb1 d2 37. Rb8+ Kf7 38. Rh8 d1=Q 39. Rxh7+ Kg8 40. Rh4 Rdd2 0-1

[Event "January 9 Early 2024"]
[Site "https://www.chess.com"]
[Date "2024.01.11"]
[Round "3"]
[White "Ibarra Jerez, Jose Carlos"]
[Black "Martinez Ramirez, Lennis"]
[Result "1-0"]
[Board "241"]
[TimeControl "180+1"]
[WhiteFideId "2226332"]
[BlackFideId "3509079"]
[WhiteElo "2955"]
[BlackElo "2715"]
[WhiteTeam "ESP"]
[BlackTeam "CUB"]
[WhiteClock "0:00:04"]
[BlackClock "0:00:01"]

1. e4 e6 2. d4 d5 3. Nc3 Bb4 4. Ne2 dxe4 5. a3 Bxc3+ 6. Nxc3 Nc6 7. d5 exd5 8. Qxd5 Be6 9. Qxe4 Nf6 10. Qh4 Qd4 11. Bg5 Qxh4 12. Bxh4 O-O-O 13. Bd3 Ne5 14. Be2 Bf5 15. Rc1 Rhe8 16. O-O Rd2 17. Bb5 c6 18. Ba4 Nc4 19. Bg5 Rd6 20. Bb3 Nd2 21. Bxf7 Re7 22. Bxd2 Rxd2 23. Bb3 Ne4 24. Rfe1 Nxc3 25. Rxe7 Ne2+ 26. Rxe2 Rxe2 27. Kf1 Rd2 28. Ke1 Rd6 29. Rd1 Rh6 30. h3 Rg6 31. Kf1 Kc7 32. f3 Rf6 33. Kf2 h5 34. h4 b5 35. Re1 Kd6 36. c3 a5 37. Rd1+ Kc5 38. Re1 a4 39. Bd1 Be6 40. Re5+ Kc4 41. Rxh5 Kd3 42. Re5 Kd2 43. Re1 Bc4 44. g4 Rd6 45. h5 Rd5 46. f4 Rd6 47. Bf3 1-0

[Event "January 9 Early 2024"]
[Site "https://www.chess.com"]
[Date "2024.01.11"]
[Round "3"]
[White "Rohith Krishna S"]
[Black "Grutter, Tim"]
[Result "1-0"]
[Board "242"]
[TimeControl "180+1"]
[WhiteFideId "46617051"]
[BlackFideId "1057472"]
[WhiteElo "2835"]
[BlackElo "2558"]
[WhiteTeam "IND"]
[BlackTeam "NED"]
[WhiteClock "0:00:03"]
[BlackClock "0:00:01"]

1. e4 c5 2. Nf3 d6 3. Bb5+ Bd7 4. Bxd7+ Qxd7 5. O-O Nc6 6. d4 cxd4 7. Nxd4 Nf6 8. Nc3 g6 9. Bg5 Bg7 10. Nf3 O-O 11. Qd2 Rac8 12. Rad1 Qe6 13. Rfe1 Na5 14. Nd5 Nc4 15. Qb4 Nxb2 16. Nd4 Nxd5 17. Qxb2 Qg4 18. exd5 Qxg5 19. Qxb7 Bxd4 20. Rxd4 Rxc2 21. Qxa7 Rc1 22. Rdd1 Rxd1 23. Rxd1 Rc8 24. Qa3 Rc5 25. g3 Qg4 26. Rb1 Qe4 27. Rb8+ Kg7 28. Qb2+ f6 29. Rb4 Qe1+ 30. Kg2 Rxd5 31. Rb7 Rd1 32. Qb4 Qf1+ 33. Kf3 Rd3+ 34. Kg4 h5+ 35. Kh4 g5+ 36. Kxh5 Qe2+ 37. Qg4 Qe5 38. f4 Qe1 39. fxg5 Rd5 40. Qf4 Rxg5+ 41. Qxg5+ fxg5 42. Rxe7+ Kf6 43. Rxe1 1-0

[Event "January 9 Early 2024"]
[Site "https://www.chess.com"]
[Date "2024.01.11"]
[Round "3"]
[White "Bodnaruk, Anastasia"]
[Black "Diaz, Fernando"]
[Result "1-0"]
[Board "243"]
[TimeControl "180+1"]
[WhiteFideId "4181751"]
[BlackFideId "3701255"]
[WhiteElo "2554"]
[BlackElo "2281"]
[WhiteTeam "RUS"]
[BlackTeam "PAR"]
[WhiteClock "0:00:07"]
[BlackClock "0:00:05"]

1. e4 e6 2. d4 d5 3. e5 c5 4. c3 Nc6 5. Nf3 Qb6 6. Bd3 cxd4 7. O-O Bd7 8. Re1 dxc3 9. Nxc3 Nh6 10. h3 a6 11. Ng5 g6 12. Rb1 Bg7 13. Bf4 O-O 14. Qd2 Nf5 15. Na4 Qb4 16. Nc3 d4 17. Nce4 Qxd2 18. Nxd2 h6 19. Ngf3 g5 20. Bh2 Nce7 21. Nb3 Bc6 22. Nbxd4 Nxd4 23. Nxd4 Rfd8 24. Nxc6 Nxc6 25. Be4 Rac8 26. Rbc1 Nxe5 27. Rxc8 Rxc8 28. Bxb7 Rc5 29. Bxa6 Ra5 30. Bf1 Ng6 31. Bc4 Bxb2 32. Rb1 Bd4 33. Rb8+ Kg7 34. Kf1 Rc5 35. Rb4 Bc3 36. Ra4 Ne5 37. Bb3 Nd3 38. Ke2 Nc1+ 39. Ke3 Nxb3 40. axb3 f6 41. Rc4 Rc7 42. Rxc7+ Kg6 43. Rxc3 1-0

[Event "January 9 Early 2024"]
[Site "https://www.chess.com"]
[Date "2024.01.11"]
[Round "3"]
[White "Haldorsen, Benjamin"]
[Black "Hon, Eric"]
[Result "0-1"]
[Board "244"]
[TimeControl "180+1"]
[WhiteFideId "1512633"]
[BlackFideId "2097117"]
[WhiteElo "2422"]
[BlackElo "2276"]
[WhiteTeam "NOR"]
[BlackTeam "USA"]
[WhiteClock "0:00:21"]
[BlackClock "0:00:11"]

1. e3 e5 2. c4 f5 3. Nc3 Nf6 4. b3 g6 5. Bb2 Bg7 6. Nf3 Nc6 7. d4 exd4 8. Nxd4 O-O 9. Nxc6 dxc6 10. Qc2 Qe7 11. Be2 c5 12. h4 c6 13. h5 Be6 14. hxg6 hxg6 15. O-O-O Rfd8 16. g4 Qf7 17. gxf5 Rxd1+ 18. Bxd1 Bxf5 19. e4 Be6 20. e5 Ng4 21. Ne4 Qf4+ 22. Kb1 Bf5 23. f3 Bxe4 24. fxe4 Nxe5 25. Rg1 Rd8 26. Qg2 Rd2 27. Qh3 Rxb2+ 28. Kxb2 Nf3+ 29. Ka3 Nxg1 30. Qe6+ Kh7 31. Ka4 Nf3 32. Qh3+ Nh4 33. Bg4 g5 34. Bf5+ Kh6 35. Qd3 Qc7 36. e5 Bxe5 37. Bg4 a6 38. Qd2 b5+ 39. Ka3 b4+ 40. Ka4 Qg7 41. Qe2 Qf6 42. Qe4 Ng6 43. Bf5 Nf4 44. Bd7 Kg7 45. Bxc6 g4 46. Bd5 g3 47. Qf3 g2 48. Qg3+ Qg6 49. Qh4 g1=Q 50. Qe7+ Kh6 51. Qxe5 Qe8+ 52. Ka5 Qxe5 0-1

[Event "January 9 Early 2024"]
[Site "https://www.chess.com"]
[Date "2024.01.11"]
[Round "3"]
[White "Bolivar Losada, Jeison"]
[Black "Sahil, Tickoo"]
[Result "0-1"]
[Board "245"]
[TimeControl "180+1"]
[WhiteFideId "4404793"]
[BlackFideId "5019710"]
[WhiteElo "2216"]
[BlackElo "2415"]
[WhiteTeam "COL"]
[BlackTeam "IND"]
[WhiteClock "0:00:04"]
[BlackClock "0:00:12"]

1. e4 c5 2. Nc3 Nc6 3. g4 h5 4. g5 h4 5. d3 d6 6. Nh3 e6 7. f4 Nge7 8. Bg2 Ng6 9. O-O Be7 10. f5 Nge5 11. Kh1 b6 12. Ne2 Bb7 13. fxe6 fxe6 14. Nhf4 Qd7 15. Bh3 Nd8 16. Nxe6 Nxe6 17. Nf4 Bc8 18. Nxe6 Qxe6 19. Bxe6 Bxe6 20. Bf4 Ng6 21. Qd2 O-O-O 22. a4 a5 23. c3 Rhf8 24. Be3 d5 25. Qg2 h3 26. Qg3 Bd6 27. Qg1 dxe4 28. dxe4 Ne5 29. Rxf8 Rxf8 30. Rf1 Re8 31. Qf2 Ng4 32. Qe2 Nxe3 33. Qxe3 Bd7 34. Re1 Bc6 35. Qd3 Kc7 36. Kg1 Re6 37. e5 Bxe5 38. Qh7 Bxh2+ 39. Kxh2 Rxe1 40. Qxg7+ Kb8 41. Qf8+ Ka7 42. Qf7+ Bb7 43. g6 Rh1+ 44. Kg3 Rg1+ 0-1

[Event "January 9 Early 2024"]
[Site "https://www.chess.com"]
[Date "2024.01.11"]
[Round "3"]
[White "Sofronie, Claudia-Ramona"]
[Black "Sztokbant, Bernardo Vainzoff"]
[Result "1-0"]
[Board "246"]
[TimeControl "180+1"]
[WhiteFideId "1205722"]
[BlackFideId "2115956"]
[WhiteElo "2277"]
[BlackElo "2457"]
[WhiteTeam "ROU"]
[BlackTeam "BRA"]
[WhiteClock "0:00:10"]
[BlackClock "0:00:01"]

1. d4 Nf6 2. Bf4 d5 3. e3 Bf5 4. Bd3 e6 5. c3 Bd6 6. Nf3 Bxd3 7. Qxd3 O-O 8. O-O Nc6 9. Nbd2 Re8 10. Ne5 Nh5 11. Ndf3 Nxf4 12. exf4 f6 13. Nxc6 bxc6 14. g3 c5 15. Rfe1 Rb8 16. Rab1 Qd7 17. Kg2 cxd4 18. cxd4 Qa4 19. a3 Rb3 20. Qc2 g6 21. h4 Kg7 22. Re2 Qb5 23. Rd1 a5 24. Rdd2 a4 25. h5 c5 26. hxg6 hxg6 27. Nh4 f5 28. Nf3 c4 29. Ng5 Qd7 30. Rd1 Rbb8 31. Rde1 Re7 32. Rxe6 Rbe8 33. Rxe7+ Rxe7 34. Rxe7+ Bxe7 35. Nf3 Bf6 36. Qc3 Qb5 37. Qe3 Kf7 38. Qc3 Qe8 39. Qd2 Qe4 40. Qe3 Qc2 41. Ne5+ Kg7 42. Nd7 Qxb2 43. Qe6 Qxd4 44. Qd6 Qe4+ 45. Kg1 Be7 46. Qc7 c3 47. Ne5 c2 48. Qxe7+ Kg8 49. Qf7+ Kh8 50. Nxg6# 1-0

[Event "January 9 Early 2024"]
[Site "https://www.chess.com"]
[Date "2024.01.11"]
[Round "3"]
[White "Rajdeep Sarkar"]
[Black "Tqebuchava, Zurab"]
[Result "1-0"]
[Board "247"]
[TimeControl "180+1"]
[WhiteFideId "25007963"]
[BlackFideId "13601113"]
[WhiteElo "2402"]
[BlackElo "2128"]
[WhiteTeam "IND"]
[BlackTeam "GEO"]
[WhiteClock "0:00:10"]
[BlackClock "0:00:01"]

1. Nf3 d5 2. g3 Nf6 3. Bg2 c6 4. O-O Bf5 5. d3 h6 6. c4 e6 7. b3 Be7 8. Bb2 O-O 9. Nbd2 Bh7 10. a3 a5 11. Ra2 Nbd7 12. Qa1 Re8 13. Bc3 a4 14. b4 Bf8 15. Re1 Nb6 16. e4 dxc4 17. dxc4 Qd3 18. c5 Nc8 19. Nd4 Qa6 20. f4 b6 21. b5 cxb5 22. c6 Bc5 23. Kh1 Ng4 24. h3 e5 25. hxg4 exd4 26. Bxd4 Bxd4 27. Qxd4 Ne7 28. e5 Rad8 29. Qf2 Qc8 30. f5 Nxc6 31. Rc2 Qd7 32. Bxc6 Qc7 33. Nf3 Re7 34. f6 Bxc2 35. fxe7 Rc8 36. Qxc2 Qxe7 37. Qe4 Qxa3 38. Bxb5 Qc5 39. Bxa4 Qf2 40. Qe2 Qxg3 41. Rg1 Qh3+ 42. Nh2 Rc3 43. e6 1-0

[Event "January 9 Early 2024"]
[Site "https://www.chess.com"]
[Date "2024.01.11"]
[Round "3"]
[White "Niemann, Hans Moke"]
[Black "Krzyzanowski, Marcin"]
[Result "0-1"]
[Board "248"]
[TimeControl "180+1"]
[WhiteFideId "2093596"]
[BlackFideId "1132199"]
[WhiteElo "3061"]
[BlackElo "2793"]
[WhiteTeam "USA"]
[BlackTeam "POL"]
[WhiteClock "0:00:14"]
[BlackClock "0:00:03"]

1. e4 c5 2. Nf3 d6 3. Bc4 Nf6 4. d3 e6 5. O-O Be7 6. Re1 O-O 7. Bb3 Nc6 8. c3 e5 9. h3 h6 10. d4 cxd4 11. cxd4 exd4 12. Nxd4 Nxd4 13. Qxd4 Be6 14. Nc3 Qb6 15. Be3 Qxd4 16. Bxd4 Rfc8 17. Rac1 a6 18. f3 b5 19. Kf2 Bd8 20. Ne2 Bxb3 21. axb3 Nd7 22. b4 Ne5 23. Red1 Rxc1 24. Nxc1 Rc8 25. Bc3 Nc4 26. Nb3 Bb6+ 27. Ke2 Kf8 28. g3 Ke7 29. f4 f6 30. Kd3 Bf2 31. g4 g5 32. Rf1 Bg3 33. fxg5 fxg5 34. Nd4 Be5 35. Ra1 Bxd4 36. Kxd4 Rc6 37. Kd5 Kd7 38. Kd4 Ke6 39. Rf1 Rc8 40. Kd3 Ne5+ 41. Ke3 Nc4+ 42. Ke2 Nxb2 43. Bg7 Rc2+ 44. Ke3 Nc4+ 45. Kd3 Rd2+ 46. Kc3 Rh2 47. Rf6+ Ke7 48. Rxh6 Re2 49. Kd3 Re3+ 50. Kd4 Rb3 51. Bf6+ Kd7 52. Bxg5 Ne5 53. Rh7+ Kc6 0-1

[Event "January 9 Early 2024"]
[Site "https://www.chess.com"]
[Date "2024.01.11"]
[Round "3"]
[White "Levitan, Tal"]
[Black "Rose, Felix"]
[Result "1-0"]
[Board "249"]
[TimeControl "180+1"]
[WhiteFideId "2804603"]
[BlackFideId "5105722"]
[WhiteElo "2520"]
[BlackElo "2249"]
[WhiteTeam "ISR"]
[BlackTeam "MEX"]
[WhiteClock "0:00:17"]
[BlackClock "0:00:01"]

1. e4 e5 2. Nf3 Nc6 3. Nc3 Nf6 4. Bb5 Bb4 5. O-O O-O 6. d3 d6 7. Bg5 Bxc3 8. bxc3 Qe7 9. Re1 a6 10. Bc4 Nd8 11. d4 c5 12. a4 Bg4 13. h3 Be6 14. d5 Bd7 15. a5 h6 16. Bc1 Ne8 17. Bf1 f5 18. Nd2 f4 19. f3 g5 20. Nc4 h5 21. Nb6 Rb8 22. Qe2 Nf6 23. Qf2 Be8 24. Bd2 Rf7 25. Bd3 g4 26. hxg4 hxg4 27. Kf1 Nh5 28. Ke2 Rg7 29. Kd1 Ng3 30. Kc1 Bg6 31. Kb2 Nf7 32. Red1 Ng5 33. Be1 Kf7 34. Qd2 gxf3 35. Bxg3 fxg3 36. gxf3 Nxf3 37. Rf1 Qf6 38. Qg2 Bh5 39. Be2 Kg8 40. Bxf3 Bxf3 41. Rxf3 Qg6 42. Rg1 Rf8 43. Rxg3 Qxg3 44. Qxg3 Rxg3 45. Rxg3+ Kh7 46. Nc4 Rf6 47. Rg4 Kh8 48. Rg5 1-0

[Event "January 9 Early 2024"]
[Site "https://www.chess.com"]
[Date "2024.01.11"]
[Round "3"]
[White "Filali, Razzouki Marouane"]
[Black "Eggleston, Thomas A"]
[Result "1-0"]
[Board "250"]
[TimeControl "180+1"]
[WhiteFideId "9003720"]
[BlackFideId "412139"]
[WhiteElo "2430"]
[BlackElo "2250"]
[WhiteTeam "MAR"]
[BlackTeam "ENG"]
[WhiteClock "0:00:05"]
[BlackClock "0:00:02"]

1. e4 e6 2. c4 d5 3. cxd5 exd5 4. exd5 Nf6 5. Nc3 Nxd5 6. Nf3 Bb4 7. Bc4 Be6 8. Bb3 O-O 9. O-O c5 10. a3 Ba5 11. Bc2 Nxc3 12. bxc3 Nc6 13. d4 Bxc3 14. Qd3 g6 15. Qxc3 Nxd4 16. Nxd4 cxd4 17. Qb4 Rc8 18. Be4 b6 19. Bb2 d3 20. Bf3 Rc4 21. Qb5 Rc5 22. Qa4 Rc4 23. Qxa7 Rc2 24. Be5 Qg5 25. Bg3 b5 26. Qb6 Rfc8 27. Rab1 d2 28. Rxb5 Qh6 29. h3 Rc1 30. Rb2 Bc4 31. Rxd2 Rxf1+ 32. Kh2 Qxd2 33. Be5 Qe1 34. Qf6 Rh1+ 35. Kg3 Kf8 36. Qh8+ Ke7 37. Bf6+ Kd6 38. Qxc8 Qe6 39. Qd8+ Kc5 40. Bg5 Qe5+ 41. Bf4 Qe6 42. Be3+ Kb5 43. Qb8+ Ka5 44. Qa7+ Kb5 45. a4+ Kb4 46. Qc5+ Kb3 47. Bf4 Rd1 48. Bxd1+ 1-0

[Event "January 9 Early 2024"]
[Site "https://www.chess.com"]
[Date "2024.01.11"]
[Round "3"]
[White "Skliarov, Viktor"]
[Black "Bachmann, Axel"]
[Result "0-1"]
[Board "251"]
[TimeControl "180+1"]
[WhiteFideId "14106736"]
[BlackFideId "3700488"]
[WhiteElo "2664"]
[BlackElo "2901"]
[WhiteTeam "UKR"]
[BlackTeam "PAR"]
[WhiteClock "0:00:06"]
[BlackClock "0:00:21"]

1. e4 Nc6 2. Nc3 d6 3. d4 Nf6 4. f3 g6 5. Be3 Bg7 6. Qd2 e5 7. Nge2 exd4 8. Nxd4 Nxd4 9. Bxd4 Be6 10. O-O-O O-O 11. g4 c5 12. Be3 Qa5 13. Kb1 Rfd8 14. g5 Nd7 15. Nd5 Qxd2 16. Rxd2 Ne5 17. Be2 Rd7 18. Rhd1 Rad8 19. Nf6+ Bxf6 20. gxf6 Bc4 21. f4 Bxe2 22. Rxe2 Nc4 23. b3 Nxe3 24. Rxe3 Kf8 25. Red3 Ke8 26. Rd5 b6 27. h4 h5 28. c4 a6 29. Kc2 b5 30. Kc3 bxc4 31. Kxc4 Rb7 32. Rxd6 Rb4+ 33. Kxc5 Rxd6 34. Rxd6 Rxe4 35. Rxa6 Rxf4 36. a4 Rxh4 37. a5 Rh1 38. Ra8+ Kd7 39. a6 Ra1 40. Kb5 Ke6 41. b4 Kxf6 42. a7 h4 43. Kb6 g5 44. Rh8 Kg7 45. a8=Q Rxa8 46. Rxa8 h3 47. b5 g4 48. Kc7 h2 49. Ra1 g3 50. b6 g2 51. b7 g1=Q 52. Rxg1+ hxg1=Q 53. b8=Q Qg3+ 54. Kc8 Qxb8+ 55. Kxb8 f5 0-1

[Event "January 9 Early 2024"]
[Site "https://www.chess.com"]
[Date "2024.01.11"]
[Round "3"]
[White "Jeet, Jain"]
[Black "Hnatyshyn, Anastasiia"]
[Result "1-0"]
[Board "252"]
[TimeControl "180+1"]
[WhiteFideId "5073022"]
[BlackFideId "14198339"]
[WhiteElo "2548"]
[BlackElo "2254"]
[WhiteTeam "IND"]
[BlackTeam "UKR"]
[WhiteClock "0:00:06"]
[BlackClock "0:00:06"]

1. c4 c6 2. Nc3 d5 3. cxd5 cxd5 4. d4 Nf6 5. Nf3 Nc6 6. Bf4 a6 7. e3 g6 8. h3 Bg7 9. Bd3 O-O 10. a3 Bf5 11. Bxf5 gxf5 12. g4 Qd7 13. Rg1 fxg4 14. hxg4 Ne4 15. Nxe4 dxe4 16. Nd2 e5 17. dxe5 Nxe5 18. Bxe5 Bxe5 19. Nxe4 Qc6 20. Qb1 Rac8 21. Ng5 Qg6 22. Qxg6+ hxg6 23. Rb1 Rc2 24. a4 Rd8 25. Nf3 Bxb2 26. g5 Rd7 27. Rg4 a5 28. Kf1 Rdc7 29. Ne1 Rd2 30. Re4 Ba3 31. Nf3 Ra2 32. Rb5 Bb4 33. Nd4 Rxa4 34. Re8+ Kg7 35. f4 Ra1+ 36. Kg2 Ra2+ 37. Kf3 Be1 38. f5 Rf2+ 39. Ke4 gxf5+ 40. Nxf5+ Kh7 41. Nd6 a4 42. Rb1 Bc3 43. Rh1+ Kg7 44. Nf5+ Kg6 45. Rh6+ Kxg5 46. Rg8+ Bg7 47. Rxg7# 1-0

[Event "January 9 Early 2024"]
[Site "https://www.chess.com"]
[Date "2024.01.11"]
[Round "3"]
[White "Laddha, Shubh Jayesh"]
[Black "Lysyj, Igor"]
[Result "0-1"]
[Board "253"]
[TimeControl "180+1"]
[WhiteFideId "30942799"]
[BlackFideId "4150120"]
[WhiteElo "2566"]
[BlackElo "2858"]
[WhiteTeam "USA"]
[BlackTeam "FID"]
[WhiteClock "0:00:04"]
[BlackClock "0:00:28"]

1. d4 d5 2. Nf3 Nf6 3. Bf4 Bf5 4. e3 e6 5. c4 Nbd7 6. Nc3 Bb4 7. Qb3 c5 8. dxc5 Qa5 9. a3 Bxc3+ 10. Qxc3 Qxc3+ 11. bxc3 Nxc5 12. Nd4 Bd3 13. cxd5 Bxf1 14. Rxf1 Nxd5 15. Nb5 Nxf4 16. exf4 Ke7 17. f3 Nd3+ 18. Kd2 Nxf4 19. g3 Rhd8+ 20. Ke3 Nd5+ 21. Kf2 a6 22. c4 axb5 23. cxd5 Rxd5 24. Rfc1 Kd7 25. Ke3 Ra6 26. Rc3 Rc6 27. Rb3 Rc4 28. Rab1 Kc6 29. h4 h6 30. R1b2 g5 31. hxg5 hxg5 32. Ke2 Rdc5 33. Kd3 g4 34. f4 Rc1 35. a4 Rd5+ 36. Ke2 Rcc5 37. Ke3 Kb6 38. Ke2 f5 39. Re3 e5 40. Reb3 exf4 41. gxf4 Kc6 42. Kf2 Kb6 43. Kg3 Ka5 44. axb5 Rxb5 45. Ra2+ Kb6 46. Re3 Rd6 47. Kh4 Rg6 48. Kh5 Rg8 49. Re6+ Kc7 50. Re7+ Kb8 51. Rd2 Rb1 52. Kh4 g3 53. Kh3 Rh1+ 54. Kg2 Rh2+ 0-1

[Event "January 9 Early 2024"]
[Site "https://www.chess.com"]
[Date "2024.01.11"]
[Round "3"]
[White "Nikologorsky, Matfei"]
[Black "Ozates, Tuna"]
[Result "1/2-1/2"]
[Board "254"]
[TimeControl "180+1"]
[WhiteFideId "24102474"]
[BlackFideId "6354521"]
[WhiteElo "2474"]
[BlackElo "2667"]
[WhiteTeam "FID"]
[BlackTeam "TUR"]
[WhiteClock "0:00:12"]
[BlackClock "0:00:11"]

1. e4 c5 2. Nf3 Nc6 3. d4 cxd4 4. Nxd4 Qb6 5. Nb3 Nf6 6. Be3 Qc7 7. Nc3 e6 8. Nb5 Qb8 9. Bd3 a6 10. N5d4 Bd6 11. h4 h5 12. Qe2 b5 13. Nxc6 dxc6 14. Nc5 O-O 15. O-O-O a5 16. f3 b4 17. g4 a4 18. g5 Nd7 19. Nxd7 Bxd7 20. Bc4 b3 21. cxb3 axb3 22. Bxb3 c5 23. Qd2 Be5 24. f4 Bd4 25. Bxd4 cxd4 26. Qxd4 Qxf4+ 27. Kb1 Bc6 28. Bc2 Rfb8 29. g6 f6 30. Rhf1 Qc7 31. Bb3 Re8 32. e5 Qxe5 33. Qxe5 fxe5 34. Rde1 e4 35. Rc1 Bd5 36. Rc7 Rf8 37. Rxf8+ Rxf8 38. Kc2 Rf2+ 39. Kc3 Kf8 40. Bxd5 exd5 41. Kd4 Rd2+ 42. Ke5 Ke8 43. Ke6 Kd8 44. Rxg7 e3 45. Re7 Rg2 46. Kf7 Rxg6 47. Rxe3 Rg4 48. Re5 Rxh4 49. Rxd5+ Kc7 50. Rc5+ Kd6 51. Rc3 Rh2 52. Rb3 h4 53. Kg6 Rg2+ 54. Kh5 Rg3 55. Kxh4 Rxb3 56. axb3 Kc5 57. Kg3 Kb4 58. Kf3 Kxb3 59. Ke3 Kxb2 1/2-1/2

[Event "January 9 Early 2024"]
[Site "https://www.chess.com"]
[Date "2024.01.11"]
[Round "3"]
[White "Caspi, Israel"]
[Black "Xu, Yi"]
[Result "0-1"]
[Board "255"]
[TimeControl "180+1"]
[WhiteFideId "2807394"]
[BlackFideId "8605564"]
[WhiteElo "2620"]
[BlackElo "2868"]
[WhiteTeam "ISR"]
[BlackTeam "CHN"]
[WhiteClock "0:00:04"]
[BlackClock "0:00:15"]

1. e4 c5 2. Nf3 Nc6 3. d4 cxd4 4. Nxd4 Nf6 5. Nc3 e6 6. Qd3 d6 7. Bg5 Bd7 8. O-O-O a6 9. f4 Be7 10. Nf3 h6 11. Bxf6 gxf6 12. Kb1 b5 13. g3 b4 14. Ne2 a5 15. Bh3 a4 16. f5 e5 17. Nc1 Na5 18. Bf1 Qb6 19. Be2 Rc8 20. Nd2 h5 21. h4 Bf8 22. Nf1 Bh6 23. Qxd6 Qxd6 24. Rxd6 Bc6 25. Bf3 Ke7 26. Rd3 Nc4 27. Rh2 a3 28. b3 Nb2 29. Nd2 Nxd3 30. Nxd3 Rhg8 31. Nf1 Bb5 32. Be2 Bxd3 33. Bxd3 Rgd8 34. Nd2 Bxd2 35. Rxd2 Rg8 36. Rg2 Rg7 37. Kc1 Rcg8 38. c3 Rxg3 39. Rd2 bxc3 40. Rd1 Rd8 41. Kc2 Rg2+ 42. Kxc3 Rxa2 43. b4 Rb2 44. Ra1 Rc8+ 45. Bc4 Rh2 46. b5 Rxh4 47. Kb4 Rxe4 48. Rc1 a2 49. Kb3 Rexc4 50. Ra1 Rc2 51. b6 R2c6 52. b7 Rb6+ 53. Kxa2 Rxb7 54. Rh1 Ra8# 0-1

[Event "January 9 Early 2024"]
[Site "https://www.chess.com"]
[Date "2024.01.11"]
[Round "3"]
[White "Mikhailovsky, Vladimir"]
[Black "Rietze, Clemens, Dr."]
[Result "1-0"]
[Board "256"]
[TimeControl "180+1"]
[WhiteFideId "34105414"]
[BlackFideId "24620351"]
[WhiteElo "2847"]
[BlackElo "2516"]
[WhiteTeam "RUS"]
[BlackTeam "GER"]
[WhiteClock "0:00:16"]
[BlackClock "0:00:21"]

1. e4 c5 2. c3 Nf6 3. e5 Nd5 4. Nf3 d6 5. Bb5+ Nc6 6. d4 cxd4 7. Qxd4 e6 8. exd6 Bxd6 9. Qxg7 Rf8 10. Nbd2 Bd7 11. Ne4 Be7 12. Bg5 Qb6 13. Bc4 O-O-O 14. Bxe7 Ncxe7 15. O-O-O Nf5 16. Qg5 Rg8 17. Qd2 Rxg2 18. Bxd5 exd5 19. Qxd5 Be6 20. Qe5 Rgg8 21. Kb1 Qc7 22. Qxc7+ Kxc7 23. Nf6 Rh8 24. Ng5 h6 25. Nxe6+ fxe6 26. Ne4 Rhg8 27. Nc5 Rde8 28. Rhe1 Rg6 29. Nd3 Nh4 30. Nf4 Rf6 31. Nd5+ exd5 32. Rxe8 Rxf2 33. Rxd5 Rf1+ 34. Kc2 Rf2+ 35. Rd2 Rf7 36. Re4 Ng6 37. Rde2 b6 38. Re6 Nf4 39. Re7+ Rxe7 40. Rxe7+ Kc6 41. Rxa7 Nd5 42. Rh7 Kc5 43. Rxh6 Nf4 44. Rh4 Ng6 45. Rg4 Ne7 46. Rg5+ Kd6 47. h4 Ke6 48. h5 Kf6 49. Rb5 Nc8 50. a4 Kg7 51. b4 Kh6 52. a5 bxa5 53. bxa5 Ne7 54. a6 Nc8 55. Rb8 Nd6 56. Rb6 Kxh5 57. Rxd6 Kg4 58. a7 Kf3 59. a8=Q+ Ke2 60. Qe4+ Kf2 61. Rf6+ Kg3 62. Rf3+ Kh2 63. Qe2+ Kg1 64. Rf2 1-0

[Event "January 9 Early 2024"]
[Site "https://www.chess.com"]
[Date "2024.01.11"]
[Round "3"]
[White "Bregu, Riza"]
[Black "Lima, Kleyton Alcantara"]
[Result "0-1"]
[Board "257"]
[TimeControl "180+1"]
[WhiteFideId "4701739"]
[BlackFideId "22718397"]
[WhiteElo "2379"]
[BlackElo "2598"]
[WhiteTeam "ALB"]
[BlackTeam "BRA"]
[WhiteClock "0:00:09"]
[BlackClock "0:00:19"]

1. e4 c5 2. b4 cxb4 3. a3 d5 4. exd5 Nf6 5. axb4 Nxd5 6. c3 g6 7. d4 Bg7 8. Nf3 O-O 9. Be2 Bg4 10. O-O Nc6 11. b5 Nb8 12. Re1 Nd7 13. c4 Nc7 14. Ra3 Ne6 15. h3 Bxf3 16. Bxf3 Nxd4 17. Bxb7 Rb8 18. Bd5 e6 19. Be4 Nc5 20. Rxa7 Qb6 21. Ra3 Rbd8 22. Bd2 f5 23. Bf3 e5 24. Bd5+ Kh8 25. Ba5 Qd6 26. Bxd8 Rxd8 27. Nc3 e4 28. Ne2 Nd3 29. Rxd3 exd3 30. Nxd4 Bxd4 31. Qxd3 Qf4 32. Qf3 Qd2 33. Re7 Bc5 34. Qe2 Qc1+ 35. Qe1 Qb2 36. Qe5+ Qxe5 37. Rxe5 Kg7 38. Re6 Rb8 39. g4 Bd4 40. Kg2 fxg4 41. hxg4 g5 42. Kf3 h6 43. Ke4 Bxf2 44. Re7+ Kg6 45. Re6+ Kg7 46. Re7+ Kg6 47. Be6 Rb6 48. Bf5+ Kf6 49. Kd5 Kxe7 50. Bd3 Rd6+ 51. Ke4 Rd4+ 52. Kf3 Rxd3+ 53. Kxf2 Kd6 54. Ke2 Rc3 0-1